 Dungeon Crawl Stone Soup version 0.27-a0-1200-g94dc6ad4cf (webtiles) character file.

Game seed: 4660933621072952171

3453 bilbop the Basher (level 9, -11/79 HPs)
             Began as a Minotaur Fighter on June 2, 2021.
             Was a Believer of Yredelemnul.
             Mangled by a two-headed ogre
             ... wielding a +0 giant club
              (14 damage)
             ... on level 7 of the Dungeon.
             The game lasted 00:36:44 (8596 turns).

bilbop the Basher (Minotaur Fighter)                Turns: 8596, Time: 00:36:44

Health: -11/79     AC: 14    Str: 29    XL:     9   Next: 78%
Magic:  11/11      EV:  6    Int:  5    God:    Yredelemnul [**....]
Gold:   372        SH: 11    Dex:  6    Spells: 8/8 levels left

rFire    . . .     SeeInvis +   a - +0 flail
rCold    + . .     Faith    .   c - +0 kite shield
rNeg     . . .     Spirit   .   D - +1 plate armour of Bitterness {Regen+ rCorr Dex-5 SInv}
rPois    .         Reflect  .   (helmet restricted)
rElec    .         Harm     .   (no cloak)
rCorr    +         Rampage  .   (no gloves)
Will     .....                  (no boots)
Stlth    ..........             (no amulet)
HPRegen  1.23/turn              p - ring of protection from cold
MPRegen  0.12/turn              G - +6 ring of strength

@: no status effects
A: horns 2, retaliatory headbutt
a: Renounce Religion, Animate Remains, Recall Undead Slaves, Injury Mirror


You were on level 7 of the Dungeon.
You worshipped Yredelemnul.
Yredelemnul was pleased with you.
You visited 1 branch of the dungeon, and saw 10 of its levels.

You collected 372 gold pieces.

Inventory:

Hand Weapons
 a - a +0 flail (weapon)
 b - a +0 hunting sling
Missiles
 q - 45 sling bullets
 E - a curare-tipped dart (quivered)
Armour
 c - a +0 kite shield (worn)
 j - a +0 scale mail
 A - a +0 chain mail
 B - a +0 plate armour
 C - +0 acid dragon scales
 D - the +1 plate armour of Bitterness (worn) {Regen+ rCorr Dex-5 SInv}
   (You found it on level 10 of the Dungeon)

   It affects your dexterity (-5).
   It lets you see invisible.
   It increases your rate of health regeneration.
   It protects you from acid and corrosion.
Jewellery
 p - a ring of protection from cold (left hand)
 G - a +6 ring of strength (right hand)
Wands
 y - a wand of mindburst (17)
 F - a wand of iceblast (6)
 I - a wand of paralysis (6)
Scrolls
 g - a scroll of fear {unknown}
 k - 2 scrolls of magic mapping {unknown}
 l - 2 scrolls of enchant weapon {unknown}
 m - 4 scrolls of identify {unknown}
 n - 3 scrolls of teleportation {unknown}
 o - 2 scrolls of acquirement {unknown}
 r - a scroll of summoning {unknown}
 v - 2 scrolls of brand weapon {unknown}
 x - 4 scrolls of noise {unknown}
 H - a scroll of blinking {unknown}
Potions
 d - 2 potions of might
 e - 3 potions of mutation {unknown}
 f - a potion of brilliance {unknown}
 h - 2 potions of heal wounds {unknown}
 i - a potion of cancellation {unknown}
 s - 2 potions of degeneration {unknown}
 t - a potion of lignification {unknown}
 u - a potion of berserk rage {unknown}
 w - 2 potions of curing {unknown}
 z - a potion of ambrosia {unknown}


   Skills:
 + Level 7.5 Fighting
 * Level 9.7 Maces & Flails
 + Level 4.0 Slings
 + Level 7.5 Armour
 + Level 7.6 Shields
 + Level 4.9 Invocations


You had 8 spell levels left.
You didn't know any spells.
Your spell library contained the following spells:

 Spells                   Type           Power      Damage    Failure   Level
 Beastly Appendage        Tmut           0%         N/A       100%        1
 Summon Small Mammal      Summ           0%         N/A       100%        1
 Call Imp                 Summ           0%         N/A       100%        2
 Wereblood                Tmut           0%         N/A       100%        2
 Call Canine Familiar     Summ           0%         N/A       100%        3
 Spider Form              Tmut/Pois      0%         N/A       100%        3
 Summon Guardian Golem    Hex/Summ       0%         N/A       100%        3
 Ice Form                 Ice/Tmut       0%         N/A       100%        4
 Summon Ice Beast         Ice/Summ       0%         N/A       100%        4
 Summon Lightning Spire   Summ/Air       0%         N/A       100%        4
 Hydra Form               Tmut           0%         N/A       100%        5


Dungeon Overview and Level Annotations

Branches:
Dungeon (10/15)            Temple (0/1) D:6
   Lair: D:8-11         Orc: D:9-12

Altars:
Fedhas
Gozag
Hepliaklqana
Sif Muna
Trog
Yredelemnul

Shops:
D:2 =   D:5 *

Annotations:
D:3 2 runed translucent doors, bande's ghost, amateur GrFi
D:7 1 runed translucent door, bilbop's ghost, novice MiFi
D:8 3 runed translucent doors, experimilk's ghost, novice GrFi


Innate Abilities, Weirdness & Mutations

You have a pair of horns on your head.
You reflexively headbutt those who attack you in melee.


Message History

You see here a +0 hand crossbow.
You swap places.
A two-headed ogre comes into view. It is wielding two +0 giant clubs.
The two-headed ogre shouts in stereo!
You hear an angry growl.
You barely miss the two-headed ogre. You headbutt the two-headed ogre!
The two-headed ogre is moderately wounded.
The two-headed ogre hits you with a +0 giant club!
The two-headed ogre hits you with a +0 giant club!!
You hit the two-headed ogre.
The two-headed ogre is moderately wounded.
The two-headed ogre hits you with a +0 giant club!!
* * * LOW HITPOINT WARNING * * *
The two-headed ogre hits you with a +0 giant club!
* * * LOW HITPOINT WARNING * * *
You swap places.
The two-headed ogre barely misses your iguana zombie.
The two-headed ogre hits your iguana zombie with a +0 giant club!
Your iguana zombie is destroyed!
You swap places.
The two-headed ogre hits your orc priest zombie with a +0 giant club!
Your orc priest zombie is destroyed!
You block the two-headed ogre's attack.
The two-headed ogre hits you with a +0 giant club!!
There is a stone staircase leading up here.
You sock the two-headed ogre!
Your headbutt misses the two-headed ogre.
The two-headed ogre is heavily wounded.
The two-headed ogre hits you with a +0 giant club!
* * * LOW HITPOINT WARNING * * *
The two-headed ogre barely misses you.
You hit the two-headed ogre.
The two-headed ogre is heavily wounded.
The two-headed ogre hits you with a +0 giant club!!
* * * LOW HITPOINT WARNING * * *
You block the two-headed ogre's attack.
You hit the two-headed ogre. You headbutt the two-headed ogre.
The two-headed ogre is severely wounded.
The two-headed ogre hits you with a +0 giant club!
You die...
Your body rises from the dead as a mindless zombie.

.....##..Z##W##..###...######
...........###..## #...#
####.##..#......####...# #
#.##.........#.##...# #
#.##......###...#.#.# #
#.#####..###.....###. #
#Z#####..##.....#.#.###### ..
####........#.###.## ........
.. ..Z..######.....@.#
#.[....# #. ######
#.#.#..O####..# #.####. #
#.#...........# #...##. #
#>..##..#.....###.#.##. #
#..# #................. #
#...)..##.............) #
##.#######...###.##.##. #
###.####.##..#.
#.....##.##..#.


You could see a two-headed ogre.

Vanquished Creatures
  A troll (D:10)
  A wraith (D:10)
  7 yaks
  An acid dragon (D:10)
  Duvessa (D:4)
  2 black bears
  A hornet zombie (D:7)
  2 sky beasts
  3 ogres
  A phantom (D:5)
  A kobold brigand (D:10)
  2 bullfrogs (D:10)
  A scorpion (D:6)
  A wyvern zombie (D:7)
  Dowan (D:4)
  A howler monkey (D:5)
  A wight (D:9)
  An electric eel (D:6)
  A centaur zombie (D:10)
  6 hounds
  An orc priest (D:7)
  A gnoll shaman (D:6)
  A centaur skeleton (D:6)
  2 bullfrog skeletons
  2 iguanas
  An orc wizard (D:6)
  8 gnolls
  A howler monkey skeleton (D:7)
  3 adders
  A shadow imp (D:4)
  A white imp (D:6)
  4 ufetubi
  2 worms
  13 orcs
  11 endoplasms
  2 giant cockroaches
  8 goblins
  8 hobgoblins
  9 jackals
  10 kobolds
  2 quokkas
  6 ball pythons
  6 bats
  A frilled lizard (D:2)
  6 rats
146 creatures vanquished.

Vanquished Creatures (collateral kills)
  A scorpion (D:10)
  A hobgoblin (D:4)
  2 ball pythons (D:4)
  A kobold (D:10)
5 creatures vanquished.

Vanquished Creatures (others)
  A jelly (D:4)
  A yak zombie (D:5)
  An acid dragon skeleton (D:10)
  A ball python zombie (D:4)
  A hound zombie (D:4)
  An iguana zombie (D:7)
  2 orc zombies
  A worm zombie (D:4)
  2 bushes (D:7)
  2 fungi (D:10)
  16 plants
29 creatures vanquished.

Grand Total: 180 creatures vanquished

Notes
Turn   | Place    | Note
-------+----------+-------------------------------------------
     0 | D:1      | bilbop the Minotaur Fighter began the quest for the Orb.
     0 | D:1      | Reached XP level 1. HP: 19/19 MP: 0/0
   238 | D:1      | Found a faded altar of an unknown god.
   721 | D:1      | HP: 1/20 [gnoll/+0 spear (5)]
   723 | D:1      | Reached skill level 3 in Maces & Flails
   723 | D:1      | Reached XP level 2. HP: 2/27 MP: 1/1
  1275 | D:2      | Reached XP level 3. HP: 33/33 MP: 2/2
  1356 | D:2      | Reached XP level 4. HP: 21/40 MP: 3/3
  1766 | D:2      | Reached skill level 4 in Maces & Flails
  1810 | D:2      | Found Ettidgholef's Jewellery Emporium.
  2269 | D:3      | Found a runed translucent door.
  2270 | D:3      | Noticed bande's ghost (amateur GrFi)
  2344 | D:3      | Found a runed translucent door.
  2454 | D:3      | Reached XP level 5. HP: 42/47 MP: 4/4
  2485 | D:3      | Found a basalt altar of Yredelemnul.
  2488 | D:3      | Found an opulent altar of Gozag.
  2488 | D:3      | Found a hazy altar of Hepliaklqana.
  2502 | D:3      | Found a shimmering blue altar of Sif Muna.
  2525 | D:3      | Became a worshipper of Yredelemnul the Dark
  3648 | D:4      | Reached skill level 5 in Maces & Flails
  3654 | D:4      | Reached skill level 1 in Invocations
  3654 | D:4      | Reached XP level 6. HP: 45/53 MP: 5/5
  3658 | D:4      | Reached * piety under Yredelemnul
  4185 | D:5      | Entered Level 5 of the Dungeon
  4185 | D:5      | Noticed Duvessa
  4185 | D:5      | Noticed Dowan
  4233 | D:4      | Reached skill level 5 in Shields
  4404 | D:5      | Reached skill level 5 in Fighting
  4404 | D:5      | Reached skill level 5 in Armour
  4410 | D:4      | Killed Duvessa
  4421 | D:4      | Killed Dowan
  4422 | D:4      | Reached XP level 7. HP: 12/61 MP: 7/7
  4754 | D:5      | Reached skill level 6 in Maces & Flails
  4780 | D:5      | Noticed a yak
  4783 | D:5      | Noticed a yak
  4784 | D:5      | Found Fearigg's Assorted Antiques.
  4793 | D:5      | Killed a yak
  4798 | D:5      | Killed a yak
  4802 | D:5      | Noticed a yak
  4816 | D:5      | Killed a yak
  4817 | D:5      | Reached skill level 7 in Maces & Flails
  4817 | D:5      | Reached XP level 8. HP: 29/70 MP: 7/9
  5673 | D:6      | Reached skill level 1 in Slings
  5954 | D:6      | Found a staircase to the Ecumenical Temple.
  6102 | D:6      | Found a bloodstained altar of Trog.
  6122 | D:6      | Reached skill level 8 in Maces & Flails
  6333 | D:6      | Reached ** piety under Yredelemnul
  7156 | D:7      | Found a blossoming altar of Fedhas.
  7306 | D:7      | Noticed bilbop's ghost (novice MiFi)
  7310 | D:7      | Found a runed translucent door.
  7315 | D:7      | You fall into a shaft and drop 3 floors!
  7315 | D:10     | Entered Level 10 of the Dungeon
  7328 | D:10     | Reached XP level 9. HP: 25/78 MP: 11/11
  7606 | D:10     | Identified the +1 plate armour of Bitterness {Regen+ rCorr
                  | Dex-5 SInv}
  7624 | D:10     | Noticed a troll
  7637 | D:10     | Killed a troll
  7759 | D:10     | Reached skill level 9 in Maces & Flails
  8189 | D:8      | Found a runed translucent gate.
  8190 | D:8      | Found a runed translucent gate.
  8191 | D:8      | Found a runed translucent gate.
  8191 | D:8      | Noticed an unseen horror
  8192 | D:8      | Noticed experimilk's ghost (novice GrFi)
  8193 | D:8      | Noticed a deep elf pyromancer
  8564 | D:7      | Noticed a two-headed ogre
  8595 | D:7      | HP: 1/79 [two-headed ogre/+0 giant club (18)]
  8596 | D:7      | Mangled by a two-headed ogre

Illustrated notes

Levels and vault maps discovered:
D:1:      lightli_arrival_isolated_outpost, layout_loops_corners,
          chequers_ecumenical_altar_grove
D:2:      layout_basic, serial_shops, shop, interstate_on_off,
          serial_bayou_lagoon_a, st_stairs_6
D:3:      layout_basic, nicolae_overflow_quartered_altars,
          ebering_ghost_sewer_f, minmay_misc_feat_room
D:4:      layout_basic, lemuel_another_geyser
D:5:      layout_rooms, serial_shops, shop, uniq_duvessa
D:6:      layout_rooms, kennysheep_little_box, minmay_temple_entry_waves,
          nicolae_water_bricks, minmay_splitting_lines
D:7:      layout_loops_cross, fedhas_altar_decomposition,
          hellmonk_ghost_happy_afterlife, minmay_misc_feat_ornament
D:8:      layout_loops_ring, gammafunk_ghost_split, dk_rats_in_the_wall,
          uniq_grum
D:9:      layout_long_grid, nicolae_ru_awakened_eye, serial_shops,
          nicolae_shop_behind_doors, roderic_lattice_a,
          minmay_misc_feat_nine_boxes, minmay_misc_feat_diagonals,
          corexii_corridor_pit
D:10:     layout_cave_pools, grunt_lair_entry_orc_guard_hut, orc_0_dummy,
          serial_column_ruins, column_ruins_square_small,
          column_ruins_square_medium, column_ruins_open_tiny,
          column_ruins_open_medium, column_ruins_grid_1, column_ruins_open_tiny,
          column_ruins_columns_straight, kennysheep_path_1

Skill      XL: |  1  2  3  4  5  6  7  8  9 |
---------------+----------------------------+-----
Maces & Flails | 3 4 5 7 8 9 |  9.7
Armour         | 4 5 6 7 |  7.5
Shields        | 4 5 6 7 |  7.6
Fighting       | 4 5 6 7 |  7.5
Invocations    | 1 2 3 4 |  4.9
Slings         | 2 4 |  4.0

Action                   |  1- 3 |  4- 6 |  7- 9 || total
-------------------------+-------+-------+-------++-------
Melee: Flail             |    39 |   175 |   240 ||   454
       Headbutt          |     2 |    31 |    46 ||    79
 Fire: Hunting sling     |       |       |    18 ||    18
Invok: Animate Remains   |       |    10 |    10 ||    20
  Use: Potion            |       |       |     1 ||     1
 Stab: Distracted        |       |     1 |     1 ||     2
Armor: Scale mail        |     4 |    82 |    15 ||   101
       Chain mail        |       |       |    40 ||    40
       Plate armour      |       |       |    76 ||    76
Dodge: Dodged            |    13 |    74 |    59 ||   146
Block: Kite shield       |    19 |   105 |   129 ||   253

Table legend: (Time is in decaauts)
 A = Elapsed time spent in this place.
 B = Non-inter-level travel time spent in this place.
 C = Inter-level travel time spent in this place.
 D = Time resting spent in this place.
 E = Time spent auto-exploring this place.
 F = Levels seen in this place.
 G = Mean time per level.
                   A        B        C        D        E       F      G
               +--------+--------+--------+--------+--------+-----+--------+
         Total |   8760 |   8310 |    450 |   1970 |   5154 |  10 |  876.0 |
       Dungeon |   8760 |   8310 |    450 |   1970 |   5154 |  10 |  876.0 |
               +--------+--------+--------+--------+--------+-----+--------+

Top non-repeatable levels by time:
     D:4: 1455 daAuts
     D:6: 1432 daAuts
     D:1: 1278 daAuts
     D:3: 1129 daAuts
     D:2: 897 daAuts
    D:10: 840 daAuts
     D:7: 836 daAuts
     D:5: 774 daAuts
     D:9: 60 daAuts
     D:8: 54 daAuts
